Map: 缀蓝秋原-天梯版

Players

TIME (Oliveira) - Winner!

  • Race: Terran Terran
  • Spawn Location: 1:00

NoRegreT

  • Race: Zerg Zerg
  • Spawn Location: 7:00

Event: WCS Montreal 2018

VOD

Have the link to the VOD?

Description

Time

  • Played on: Sept. 7, 2018, 12:46 p.m.
  • Length: 4:27

All games in this series

Show
View Real Time Build Order
Export as new Build Order

TIME Terran - Winner!

Build Orders: Reaper Expand, Hellion Banshee 

Get SALT Encoding   

  12  0:00  SCV  
  13  0:13  SCV  
  14  0:18  Supply Depot  
  14  0:25  SCV  
  15  0:39  SCV  
  15  0:40  Barracks  
  16  0:44  Refinery  
  16  0:51  SCV  
  17  1:03  SCV  
  18  1:15  SCV  
  19  1:28  Reaper, Orbital Command  
  20  1:43  Command Center  
  20  1:53  Supply Depot  
  20  1:54  SCV  
  20  1:59  Marine  
  22  2:07  SCV  
  23  2:11  Factory  
  23  2:16  Refinery  
  23  2:21  Barracks Reactor  
  23  2:23  SCV  
  24  2:35  SCV  
  25  2:47  SCV  
  26  2:55  Starport  
  26  2:56  Orbital Command  
  26  2:59  SCV  
  26  3:02  Hellion x2  
  30  3:06  Barracks Tech Lab  
  30  3:11  SCV  
  31  3:17  Orbital Command  
  31  3:23  SCV, Hellion  
  31  3:24  Hellion  
  36  3:35  SCV  
  36  3:37  Banshee  
  37  3:45  Hellion x2  
  41  3:49  Supply Depot  
  41  3:52  SCV  
Show
View Real Time Build Order
Export as new Build Order

NoRegreT Zerg 

Build Orders: Hatch First, Zergling Baneling 

Get SALT Encoding   

  12  0:02  Drone  
  13  0:13  Drone  
  14  0:23  Extractor, Drone  
  14  0:25  Extractor, Drone  
  16  0:44  Hatchery  
  16  0:45  Extractor  
  14  0:59  Spawning Pool  
  14  1:03  Drone  
  14  1:10  Extractor, Drone  
  15  1:16  Overlord  
  15  1:35  Drone  
  15  1:39  Drone  
  17  1:46  Queen  
  19  1:56  Queen  
  19  1:59  Metabolic Boost  
  21  2:03  Zergling x2  
  22  2:09  Overlord  
  22  2:12  Zergling x2  
  23  2:17  Zergling x2  
  23  2:22  Zergling x2  
  25  2:27  Zergling x2  
  25  2:29  Zergling x2  
  27  2:34  Zergling x4  
  28  2:39  Zergling x2  
  28  2:44  Zergling x2  
  30  2:50  Baneling Nest  
  29  2:53  Zergling x2  
  29  2:57  Zergling x2  
  31  3:02  Zergling x2  
  32  3:08  Zergling x2  
  32  3:12  Zergling x2  
  34  3:14  Zergling x2  
  34  3:19  Zergling x2  
  36  3:27  Overlord  
  36  3:38  Baneling x2  
  36  3:39  Baneling x4  
  36  3:48  Baneling  
  36  3:50  Zergling x4  
  36  3:51  Zergling x2  
  39  3:56  Zergling x2  
  39  4:00  Zergling x2  
  41  4:09  Baneling  
Tags
 
Add a new tag
Caveats
  • Supply blocks, unpowered buildings, or Contaminate may cause inaccurate times.
  • Supply counts are checked every 10 seconds.